 Dungeon Crawl Stone Soup version 0.28-a0-1524-ge72afd5fc6 (webtiles) character file.

Game seed: 9205579436281147227

29458 Shayle the Nimble (level 13, 0/106 HPs)
             Began as a Djinni Warper on Jan 17, 2022.
             Was an Elder of Ashenzari.
             Slain by a minotaur (4 damage)
             ... in a Gauntlet.
             The game lasted 00:55:56 (20539 turns).

Shayle the Nimble (Djinni Warper)                  Turns: 20539, Time: 00:55:57

Health: 0/106      AC: 12    Str: 10    XL:     13   Next: 81%
Gold:   1735       EV: 16    Int: 24    God:    Ashenzari [****..] SH: 12 Dex: 12

rFire   + + .      SeeInvis +   T - +8 autumn katana {vorpal, manifold assault}
rCold   . . .      Faith    .   P - +2 buckler "Liba" {Int+3}
rNeg    . . .      Spirit   .   k - +3 leather armour "Behold Eternity" {Fort, Range} (curse)
rPois   ∞          Reflect  +   q - +2 helmet of the Cursed Shame {Evo, Fort} (curse)
rElec   .          Harm     .   y - +2 cloak of Ashenzari's Augurer {Self, Evo} (curse)
rCorr   .          Rampage  .   (no gloves)
Will    +....      Clarity  +   (boots unavailable)
Stlth   ++++...... NoTele   +   H - amulet of the Bound Loss {Reflect SH+5, Self, Evo} (curse)
HPRegen 0.27/turn               l - ring "Chained With Me" {rC+, Self, Cun} (curse)
MPRegen 0.00/turn               s - ring "Bound Together" {Slay+4, Self, Melee} (curse)

@: flying
A: sickness immunity, fire resistance 2, cold vulnerability 1, float, innate
caster, hp casting, extra vitality 1
a: Renounce Religion, Shatter the Chains


You were in a Gauntlet.
You worshipped Ashenzari.
Ashenzari was greatly pleased with you.
You visited 3 branches of the dungeon, and saw 16 of its levels.
You also visited: Bailey and Gauntlet.

You collected 1735 gold pieces.

Inventory:

Hand Weapons
 h - a +3 war axe of flaming
 p - the +8 war axe of Starshine {venom, Dex+4}
   (You found it on level 7 of the Dungeon)

   It poisons the flesh of those it strikes.
   Dex:       It affects your dexterity (+4).
 E - a +1 whip of freezing
 T - the +8 autumn katana (weapon) {vorpal, manifold assault}
   (You found it on level 11 of the Dungeon)

   It sometimes launches melee attacks against multiple visible enemies.
Missiles
 z - 4 silver boomerangs
 B - 3 throwing nets
 C - 28 poisoned darts
 I - 10 boomerangs
 K - a boomerang of dispersal
 N - 2 curare-tipped darts (quivered)
 Q - 8 atropa-tipped darts
Armour
 c - a scarf of resistance
 k - the cursed +3 leather armour "Behold Eternity" (worn) {Fort, Range}
   (You took it off a gnoll shaman on level 7 of the Dungeon)

   It has a curse which improves the following skills: Fortitude: Armour and
   Shields.
   Ranged Combat: Slings, Bows, Crossbows and Throwing.
 q - the cursed +2 helmet of the Cursed Shame (worn) {Evo, Fort}
   (You found it on level 3 of the Dungeon)

   It has a curse which improves the following skills: Evocations: Evocations.
   Fortitude: Armour and Shields.
 r - +0 steam dragon scales
 u - a +2 robe of resistance
 y - the cursed +2 cloak of Ashenzari's Augurer (worn) {Self, Evo}
   (You took it off Maurice on level 8 of the Dungeon)

   It has a curse which improves the following skills: Introspection: Fighting
   and Spellcasting.
   Evocations: Evocations.
 P - the +2 buckler "Liba" (worn) {Int+3}
   (You acquired it on level 10 of the Dungeon)

   Int:       It affects your intelligence (+3).
 U - a +2 buckler of fire resistance
Jewellery
 l - the cursed ring "Chained With Me" (left hand) {rC+, Self, Cun}
   (You found it on level 2 of the Dungeon)

   [ring of protection from cold]

   rC:        It protects you from cold.
   It has a curse which improves the following skills: Introspection: Fighting
   and Spellcasting.
   Cunning:   Dodging and Stealth.
 s - the cursed ring "Bound Together" (right hand) {Slay+4, Self, Melee}
   (You found it on level 5 of the Dungeon)

   [ring of slaying]

   Slay:      It affects your accuracy & damage with ranged weapons and melee
   (+4).
   It has a curse which improves the following skills: Introspection: Fighting
   and Spellcasting.
   Melee Combat: Short Blades, Long Blades, Axes, Maces & Flails, Polearms,
   Staves and Unarmed Combat.
 H - the cursed amulet of the Bound Loss (around neck) {Reflect SH+5, Self, Evo}
   (You found it on level 9 of the Dungeon)

   [amulet of reflection]

   It reflects blocked missile attacks.
   SH:        It affects your SH (+5).
   It has a curse which improves the following skills: Introspection: Fighting
   and Spellcasting.
   Evocations: Evocations.
 J - a ring of willpower
Wands
 w - a wand of flame (1)
 F - a wand of charming (6)
 L - a wand of mindburst (5)
 V - a wand of iceblast (6)
 W - a wand of digging (8)
Scrolls
 b - a scroll of holy word
 j - a scroll of immolation
 n - 3 scrolls of enchant weapon
 t - 3 scrolls of fog
 v - 3 scrolls of fear
 G - 2 scrolls of magic mapping
 M - 5 scrolls of teleportation
Potions
 a - a potion of heal wounds
 d - 7 potions of brilliance
 e - 7 potions of curing
 g - a potion of lignification
 m - 4 potions of cancellation
 A - a potion of mutation
 R - 2 potions of might
Miscellaneous
 O - a lightning rod (4/4)


   Skills:
 + Level 10.0(14.7) Fighting
 + Level 4.1(5.9) Long Blades
 + Level 1.1(2.3) Throwing
 - Level 1.0(2.6) Armour
 + Level 10.8(12.7) Dodging
 - Level 7.8(9.9) Stealth
 - Level 2.7(5.1) Shields
 - Level 9.8(11.7) Unarmed Combat
 + Level 7.8(12.5) Spellcasting
 - Level 6.5(10.4) Evocations


You had 2 spell levels left.
You knew the following spells:

 Your Spells              Type           Power      Damage    Failure   Level
a - Blink                 Tloc           100%       N/A       1%          2
b - Lesser Beckoning      Tloc           66%        N/A       1%          3
c - Gell's Gravitas       Tloc           66%        N/A       1%          3
d - Teleport Other        Tloc           66%        N/A       1%          3
e - Manifold Assault      Tloc           66%        N/A       1%          5
f - Foxfire               Conj/Fire      100%       2x1d9     1%          1
g - Passwall              Tmut/Erth      55%        N/A       1%          2
h - Confusing Touch       Hex            66%        N/A       1%          3
i - Ozocubu's Armour      Ice            66%        N/A       1%          3
j - Summon Mana Viper     Hex/Summ       66%        N/A       1%          5
k - Summon Forest         Summ/Tloc      33%        N/A       1%          5
Your spell library was empty.

Dungeon Overview and Level Annotations

Branches:
Dungeon (12/15)            Temple (1/1) D:5            Lair (3/6) D:11
 Spider (0/4) Lair:2          Orc (0/2) D:9          Bailey (visited)
Gauntlet (1/1)
  Swamp: Lair:2-4    Shoals: Lair:2-4

Altars:
Ashenzari
Makhleb
Qazlal
Ru
Wu Jian
Xom
Beogh

Annotations:
D:5 2 transporters Gauntlet 12 transporters, exclusions: oklob plant and orange crystal statue


Innate Abilities, Weirdness & Mutations

You are immune to sickness and miasma.
You are immune to poison.
Your flesh is very heat resistant. (rF++)
You are vulnerable to cold. (rC-)
You float through the air rather than walking.
You learn spells naturally, not from books.
Your magical power is your life essence.
You have superior vitality. (+4 MHP)


Message History

Unknown command.
Found a +0 vorpal battleaxe.
Found a gate leading back out of this place.
The minotaur completely misses your mana viper.
The minotaur gores your mana viper!
Your mana viper bites the minotaur!
There is an open door here.
The minotaur hits your mana viper with a +3 war axe of distortion!!
Your mana viper dies!
Your mana viper disappears in a puff of smoke!
Casting: Manifold Assault (mildly dangerous; 1% risk of failure)
Confirm with . or Enter, or press ? or * to list all spells.
A mana viper appears with a sibilant hiss.
The minotaur throws a javelin.
The javelin pierces through you.
Unknown command.
You hit the minotaur.
The minotaur is lightly wounded.
The minotaur hits you with a +3 war axe of distortion!
Space warps around you. You block the minotaur's attack.
Unknown command.
You swap places.
Your mana viper bites the minotaur but does no damage.
The minotaur hits your mana viper with a +3 war axe of distortion!!
Your mana viper blinks!
Unknown command.
Aiming: Mindburst
Press: ? - help, Shift-Dir - straight line, f - minotaur
Aim: a minotaur, wielding a +3 war axe of distortion, wearing a +0 chain mail and quivering javelins (lightly wounded, ally target, chance to affect: 30%)
The minotaur easily resists.
The minotaur hits you with a +3 war axe of distortion!!
Space warps around you.
The minotaur closely misses your mana viper.
The minotaur gores you.
Aiming: Mindburst
Press: ? - help, Shift-Dir - straight line, f/p - minotaur
Aim: a minotaur, wielding a +3 war axe of distortion, wearing a +0 chain mail and quivering javelins (translocational energy, lightly wounded, ally target, chance to affect: 30%)
The minotaur easily resists.
Your mana viper bites the minotaur.
The minotaur hits you with a +3 war axe of distortion!!
* * * LOW HITPOINT WARNING * * *
Space warps around you.
You die...

###
####8..©.©.©.©.©.©..8####
### #≈...............≈#
#####.###.###.#####
###.###.###.###
#.............#
#.###.###.###.#
#.............#
#######'######* ###@##
#.∩H.#* * #..S⌠+{*
∆+⌠...#** **#..⌠.# ###+##
{


You could see a minotaur (ally target) and a friendly mana viper (summoned).

Vanquished Creatures
  Harold (D:8)
  2 hydras
  Erica (D:11)
  2 centaur warriors
  An ogre mage (D:11)
  3 two-headed ogres
  A skeletal warrior (D:11)
  Pikel (D:8)
  A cyclops (D:11)
  2 manticores (D:11)
  A black mamba (Lair:1)
  Maurice (D:8)
  A smoke demon (Gauntlet)
  A kobold demonologist (D:11)
  6 cane toads
  2 rime drakes
  4 komodo dragons
  A tyrant leech (Gauntlet)
  4 trolls
  A polar bear (Lair:2)
  A meliai zombie (D:10)
  4 blink frogs
  3 jumping spiders (Lair:2)
  2 wraiths (D:11)
  A centaur simulacrum (D:11)
  25 yaks
  3 basilisks
  3 wyverns
  3 steam dragons
  4 redbacks (Lair:2)
  An acid dragon (D:8)
  2 swamp worms (Gauntlet)
  8 water moccasins
  2 sky beasts (D:7)
  7 orc warriors
  An ice beast (D:7)
  2 necrophages
  2 ogres (D:4)
  A centaur (D:9)
  6 wolves (Lair:2)
  4 lemures (D:8)
  4 kobold brigands (Bailey)
  7 bullfrogs
  2 gnoll sergeants
  A water moccasin zombie (D:5)
  17 killer bees
  9 wights
  3 howler monkeys
  3 crimson imps (Gauntlet)
  5 centaur zombies
  A bullfrog zombie (D:7)
  2 hounds (D:4)
  7 orc priests
  4 jellies
  2 gnoll shamans
  4 iguanas
  Jessica (D:1)
  6 orc wizards
  A howler monkey zombie (D:5)
  22 gnolls
  5 adders
  2 white imps
  An adder zombie (D:5)
  4 worms
  2 dart slugs
  36 orcs
  10 endoplasms
  2 giant cockroaches
  10 goblins
  12 hobgoblins
  4 jackals (D:1)
  6 ball pythons
  9 bats
  13 kobolds
  3 rats
342 creatures vanquished.

Vanquished Creatures (collateral kills)
  4 blink frogs
  2 slime creatures (Gauntlet)
  A jumping spider (Lair:2)
  A redback (Lair:2)
  A jelly (Gauntlet)
9 creatures vanquished.

Vanquished Creatures (others)
  22 demonic plants (Gauntlet)
  359 foxfires
  3 fungi
  30 plants
414 creatures vanquished.

Grand Total: 765 creatures vanquished

Notes
Turn   | Place    | Note
-------+----------+-------------------------------------------
     0 | D:1      | Shayle the Djinni Warper began the quest for the Orb.
     0 | D:1      | Reached XP level 1. HP: 18/18 MP: 0/0
   255 | D:1      | Reached XP level 2. HP: 14/23 MP: 0/0
   541 | D:1      | Found a faded altar of an unknown god.
   652 | D:1      | Reached XP level 3. HP: 17/29 MP: 0/0
   652 | D:1      | Learned a level 1 spell: Foxfire
  1576 | D:2      | Noticed Jessica
  1698 | D:1      | Killed Jessica
  1699 | D:1      | Reached XP level 4. HP: 20/34 MP: 0/0
  2838 | D:3      | Found a broken altar of Ashenzari.
  2856 | D:3      | Reached XP level 5. HP: 36/40 MP: 0/0
  2856 | D:3      | Learned a level 2 spell: Passwall
  2871 | D:3      | Became a worshipper of Ashenzari the Shackled
  2911 | D:3      | Found a burning altar of Makhleb.
  4255 | D:4      | Reached XP level 6. HP: 32/46 MP: 0/0
  4358 | D:4      | Noticed an ogre
  4376 | D:4      | Killed an ogre
  4646 | D:4      | Noticed an ogre
  4663 | D:4      | Killed an ogre
  4664 | D:4      | Reached XP level 7. HP: 48/51 MP: 0/0
  4664 | D:4      | Learned a level 3 spell: Confusing Touch
  4734 | D:4      | Reached skill level 1 in Evocations
  5048 | D:5      | Entered Level 5 of the Dungeon
  5137 | D:5      | Found a transporter.
  5151 | D:5      | Found a transporter.
  5473 | D:5      | Found a staircase to the Ecumenical Temple.
  5481 | Temple   | Entered the Ecumenical Temple
  5890 | D:5      | Identified a scroll of acquirement
  5890 | D:5      | Acquired 561 gold pieces
  6770 | D:6      | Reached XP level 8. HP: 53/58 MP: 0/0
  6949 | D:6      | Reached skill level 5 in Dodging
  7152 | D:6      | Reached * piety under Ashenzari
  7521 | D:7      | Identified the +8 war axe of Starshine {venom, Dex+4}
  7763 | D:7      | Reached skill level 1 in Stealth
  7774 | D:6      | HP: 3/61 [orc warrior (4)]
  7777 | D:6      | Reached skill level 5 in Fighting
  7777 | D:6      | Reached skill level 5 in Unarmed Combat
  8003 | D:7      | Reached XP level 9. HP: 57/66 MP: 0/0
  8003 | D:7      | Learned a level 3 spell: Ozocubu's Armour
  8795 | D:8      | Noticed Maurice
  8802 | D:8      | Killed Maurice
  8908 | D:8      | Noticed a two-headed ogre
  9051 | D:8      | Killed a two-headed ogre
  9052 | D:8      | Reached skill level 5 in Spellcasting
  9052 | D:8      | Reached XP level 10. HP: 26/75 MP: 0/0
  9668 | D:8      | Reached skill level 5 in Evocations
  9789 | D:8      | Noticed Harold
 10012 | D:8      | Killed Harold
 10465 | D:8      | Noticed Pikel
 10489 | D:8      | Killed Pikel
 10682 | D:9      | Found an ornate altar of the Wu Jian Council.
 10895 | D:9      | Noticed a death knight
 11464 | D:9      | Noticed a wolf spider
 11525 | D:9      | Reached XP level 11. HP: 81/81 MP: 0/0
 11525 | D:9      | Learned a level 5 spell: Summon Mana Viper
 11601 | D:9      | Found a staircase to the Orcish Mines.
 11847 | D:10     | Entered Level 10 of the Dungeon
 11857 | D:10     | Reached ** piety under Ashenzari
 12241 | D:10     | Reached skill level 5 in Stealth
 12327 | D:10     | Found a flagged portal.
 12338 | Bailey   | Entered a bailey
 12605 | Bailey   | Identified the +1 dagger of Ogap {pain, rCorr}
 12721 | Bailey   | Found a bloodstained altar of Trog.
 12850 | D:10     | Acquired the +2 buckler "Liba" {Int+3}
 12981 | D:10     | Found a stormy altar of Qazlal.
 13072 | D:11     | Noticed a two-headed ogre
 13081 | D:11     | Killed a two-headed ogre
 13459 | D:11     | Noticed Erica
 13473 | D:11     | Killed Erica
 13474 | D:11     | Reached skill level 1 in Shields
 13668 | D:11     | Noticed a two-headed ogre
 13698 | D:11     | Noticed a manticore
 13706 | D:11     | Killed a manticore
 13713 | D:11     | Noticed a manticore
 13717 | D:11     | Noticed a centaur warrior
 13736 | D:11     | Killed a centaur warrior
 13913 | D:11     | Killed a two-headed ogre
 13914 | D:11     | Reached XP level 12. HP: 86/91 MP: 0/0
 14368 | D:11     | Noticed an ogre mage
 14480 | D:11     | Reached *** piety under Ashenzari
 14517 | D:11     | Found a staircase to the Lair.
 15016 | D:11     | Paralysed by an ogre mage for 3 turns
 15020 | D:11     | Killed an ogre mage
 15146 | D:12     | Noticed a centaur warrior
 15153 | D:12     | Killed a centaur warrior
 15688 | D:12     | Noticed a boulder beetle
 15710 | D:11     | Noticed a skeletal warrior
 15719 | D:11     | Killed a skeletal warrior
 15904 | D:11     | Found the +8 autumn katana {vorpal, manifold assault}
 15948 | Lair:1   | Entered Level 1 of the Lair of Beasts
 16374 | Lair:1   | Reached skill level 1 in Long Blades
 16679 | Lair:1   | Noticed a four-headed hydra
 17269 | Lair:1   | Killed a one-headed hydra
 17270 | Lair:1   | Reached skill level 10 in Dodging
 17270 | Lair:1   | Reached XP level 13. HP: 82/102 MP: 0/0
 17270 | Lair:1   | Learned a level 5 spell: Summon Forest
 18129 | Lair:2   | Noticed a four-headed hydra
 18134 | Lair:2   | Killed a one-headed hydra
 19117 | Lair:2   | Found a hole to the Spider Nest.
 20032 | Lair:3   | Found a gate leading to a gauntlet.
 20041 | Gauntlet | Entered a Gauntlet
 20041 | Gauntlet | Found a transporter.
 20099 | Gauntlet | Found a transporter.
 20099 | Gauntlet | Identified the amulet of the Thieving Visionary {Faith
                  | rF+++ Regen+ Int+7 Dex-5}
 20113 | Gauntlet | Reached **** piety under Ashenzari
 20115 | Gauntlet | Found a transporter.
 20121 | Gauntlet | Found a transporter.
 20136 | Gauntlet | Found a transporter.
 20145 | Gauntlet | Identified the +0 cloak "Seanaupe" {rC- SInv Stlth+}
 20153 | Gauntlet | Identified the +2 pair of boots "Meadghiff" {Dex+2}
 20155 | Gauntlet | Found a transporter.
 20166 | Gauntlet | Identified the ring of Gazauck {rElec SInv}
 20167 | Gauntlet | Found a transporter.
 20183 | Gauntlet | Found a transporter.
 20198 | Gauntlet | Found a transporter.
 20202 | Gauntlet | Identified the Catalogue of the Unholy Snowflakes
 20210 | Gauntlet | Found a transporter.
 20222 | Gauntlet | Found a transporter.
 20223 | Gauntlet | Identified the Collected Works on Ghastly Ice
 20239 | Gauntlet | Found a transporter.
 20256 | Gauntlet | Found a transporter.
 20258 | Gauntlet | Found a transporter.
 20286 | Gauntlet | Found a transporter.
 20288 | Gauntlet | Found a transporter.
 20308 | Gauntlet | Found a transporter.
 20327 | Gauntlet | Found a transporter.
 20363 | Gauntlet | Reached skill level 1 in Throwing
 20397 | Gauntlet | Reached skill level 10 in Fighting
 20527 | Gauntlet | Noticed a minotaur
 20532 | Gauntlet | Identified the +3 dire flail "Guenloj" {pain, rF+ Dex+4
                  | SInv}
 20539 | Gauntlet | HP: 4/106 [minotaur (29)]
 20539 | Gauntlet | Slain by a minotaur

Illustrated notes

Levels and vault maps discovered:
D:1:      nicolae_arrival_somewhat_less_tricky_arrival, layout_basic,
          basic_ecumenical_altar, minmay_strange_pillars, minmay_tripent
D:2:      layout_loops_ring, uniq_jessica
D:3:      layout_basic, lightli_temple_of_fire, cheibrodos_ashenzari_chains
D:4:      layout_cave_pools
D:5:      gammafunk_wand_slinger, layout_basic,
          minmay_temple_entry_glassed_door, kennysheep_crisscross
D:6:      layout_cave_pools, dk_noncrumbling_4, minmay_misc_feat_ornament,
          chequers_serial_rivers_micro_e
D:7:      layout_basic
D:8:      layout_basic, uniq_maurice, uniq_pikel, uniq_harold
D:9:      layout_roguey, mainiacjoe_overflow_boulevard, david_orc_5,
          lightli_corner_chamber
D:10:     layout_gridville, general_overflow_altar, enter_bailey_3
D:11:     minmay_the_grid_four_pointed_star [minmay_the_grid_triangle_9x9_empty,
          minmay_the_grid_triangle_9x9_intruding_spiral,
          minmay_the_grid_triangle_9x9_sprig,
          minmay_the_grid_triangle_9x9_corrupted_corridor,
          minmay_the_grid_prize_shrinking_boxes], layout_loops_ring,
          lair_entry_dummy, serial_co_window_serial, co_window_of_opportunity_a,
          co_window_corner_a, co_window_paths_a, co_window_paths_b,
          co_window_paths_b, co_window_corner_a, co_window_paths_b,
          co_window_corner_ca, co_window_of_opportunity_c, co_window_broadway_b,
          co_window_broadway_a, co_window_of_opportunity_c,
          co_window_unsneaky_path_d, uniq_erica
D:12:     layout_loops_cross
Temple:   compressed_dpeg_circular_temple
Lair:1:   layout_regular_city, beast_lair_carwin_10, serial_bayou_shore_b,
          grunt_megastairs_1
Lair:2:   layout_chaotic_city, nicolae_spider_entry_tight_spaces,
          roderic_batcave, st_stairs_10, infiniplex_staircase_pool_2
Lair:3:   layout_long_grid, gauntlet_entry_generic, st_stairs_8,
          forest_entry_grove
Gauntlet: gammafunk_gauntlet_one_two_three [gammafunk_gauntlet_arena_spirals,
          nicolae_gauntlet_arena_quarters, nicolae_gauntlet_arena_t_cross,
          gammafunk_gauntlet_arena_open, gammafunk_gauntlet_arena_hedges,
          gammafunk_gauntlet_arena_crates,
          gammafunk_gauntlet_arena_arrow_garden,
          nicolae_gauntlet_arena_flowing_pool, nicolae_gauntlet_arena_grate_2,
          gauntlet_exit_hidden_loot]

Skill      XL: |  1  2  3  4  5  6  7  8  9 10 11 12 13 |
---------------+----------------------------------------+-----
Dodging        | 3 4 5 6 7 8 10 | 10.8
Fighting       | 3 4 5 6 7 8 9 10 | 10.0
Unarmed Combat | 3 4 5 6 7 8 9 |  9.8
Spellcasting   | 3 4 5 6 7 |  7.8
Evocations     | 1 3 4 5 6 |  6.5
Stealth        | 1 3 4 5 7 |  7.8
Shields        | 2 |  2.7
Long Blades    | 2 4 |  4.1
Throwing       | 1 |  1.1
Armour         | |  1.0

Action                   |  1- 3 |  4- 6 |  7- 9 | 10-12 | 13-15 || total
-------------------------+-------+-------+-------+-------+-------++-------
Melee: Unarmed           |    40 |    16 |    13 |       |       ||    69
       Punch             |     2 |     1 |     4 |    10 |       ||    17
       War axe           |       |       |    95 |   362 |     4 ||   461
       Katana            |       |       |       |    76 |   263 ||   339
Throw: Boomerang         |     1 |       |     1 |     4 |       ||     6
       Dart              |       |       |     5 |    10 |       ||    15
 Cast: Foxfire           |    16 |   105 |    88 |       |       ||   209
       Blink             |       |     1 |     1 |       |       ||     2
       Confusing Touch   |       |       |     2 |       |       ||     2
       Passwall          |       |       |     1 |       |       ||     1
       Manifold Assault  |       |       |       |    29 |    60 ||    89
       Summon Mana Viper |       |       |       |     2 |     7 ||     9
       Ozocubu's Armour  |       |       |       |     1 |     1 ||     2
Invok: Curse Item        |       |     1 |     1 |     2 |     2 ||     6
Evoke: Wand              |       |       |       |     3 |     2 ||     5
       Lightning rod     |       |       |       |     4 |       ||     4
  Use: Scroll            |       |     8 |     6 |     2 |       ||    16
       Potion            |       |       |     2 |       |     1 ||     3
 Stab: Sleeping          |       |       |     1 |     5 |     1 ||     7
Armor: Leather armour    |     6 |    15 |    47 |   180 |    28 ||   276
Dodge: Dodged            |    19 |    64 |   110 |   398 |    49 ||   640
Block: Buckler           |       |       |       |   146 |    67 ||   213
       Other             |       |       |       |    47 |       ||    47
       Reflection        |       |       |       |     4 |     1 ||     5

Table legend: (Time is in decaauts)
 A = Elapsed time spent in this place.
 B = Non-inter-level travel time spent in this place.
 C = Inter-level travel time spent in this place.
 D = Time resting spent in this place.
 E = Time spent auto-exploring this place.
 F = Levels seen in this place.
 G = Mean time per level.
                   A        B        C        D        E       F      G
               +--------+--------+--------+--------+--------+-----+--------+
         Total |  20848 |  20259 |    589 |   6311 |   8896 |  18 | 1158.2 |
       Dungeon |  15709 |  15205 |    504 |   4259 |   7235 |  12 | 1309.1 |
        Temple |      1 |      1 |      0 |      0 |      0 |   1 |    1.0 |
          Lair |   4118 |   4033 |     85 |   1704 |   1583 |   3 | 1372.7 |
        Bailey |    522 |    522 |      0 |    200 |     78 |   1 |  522.0 |
      Gauntlet |    496 |    496 |      0 |    148 |      0 |   1 |  496.0 |
               +--------+--------+--------+--------+--------+-----+--------+

Top non-repeatable levels by time:
    D:11: 2440 daAuts
  Lair:1: 2168 daAuts
     D:8: 1939 daAuts
  Lair:2: 1901 daAuts
     D:1: 1684 daAuts
     D:5: 1536 daAuts
     D:4: 1356 daAuts
     D:3: 1188 daAuts
     D:7: 1173 daAuts
     D:9: 1135 daAuts
     D:2: 1105 daAuts
     D:6: 861 daAuts
    D:10: 706 daAuts
    D:12: 581 daAuts
  Bailey: 522 daAuts
